 Dungeon Crawl Stone Soup version 0.29.1-15-g9cfb28693d (webtiles) character file.

Game seed: 6501575848569011385

244 Eitelfritz the Slasher (level 5, -3/45 HPs)
             Began as a Minotaur Gladiator on Apr 28, 2023.
             Slain by rlgrobin's ghost (9 damage)
             ... on level 3 of the Dungeon.
             The game lasted 00:05:50 (3963 turns).

Eitelfritz the Slasher (Minotaur Gladiator)         Turns: 3963, Time: 00:05:51

Health: -3/45      AC:  3    Str: 18    XL:     5   Next: 83%
Magic:  4/4        EV: 13    Int:  7    God:
Gold:   174        SH:  0    Dex: 12    Spells: 4/4 levels left

rFire   . . .      SeeInvis .   a - +2 falchion (drain)
rCold   . . .      Faith    .   (no shield)
rNeg    . . .      Spirit   .   h - +0 leather armour
rPois   .          Reflect  .   c - +0 hat
rElec   .          Harm     .   (no cloak)
rCorr   .          Rampage  .   (no gloves)
Will    .....                   (no boots)
Stlth   +.........              (no amulet)
HPRegen 0.15/turn               (no ring)
MPRegen 0.09/turn               (no ring)

@: brilliant
A: horns 2, retaliatory headbutt
a: no special abilities


You were on level 3 of the Dungeon.
You visited 1 branch of the dungeon, and saw 3 of its levels.

You collected 174 gold pieces.

Inventory:

Hand Weapons
 a - a +2 falchion of draining (weapon)
 b - a +0 sling
 f - a +0 flail
 w - a +0 long sword
Missiles
 d - 3 throwing nets
 e - a javelin
 g - 13 poisoned darts (quivered)
Armour
 c - a +0 hat (worn)
 h - a +0 leather armour (worn)
Wands
 t - a wand of quicksilver (10)
Scrolls
 i - a scroll of immolation {unknown}
 j - 2 scrolls of identify {unknown}
 k - 2 scrolls of noise {unknown}
 n - a scroll of poison {unknown}
 o - a scroll of amnesia {unknown}
 r - a scroll of torment {unknown}
 v - a scroll of enchant weapon {unknown}
Potions
 l - a potion of brilliance
 m - 2 potions of invisibility {unknown}
 p - a potion of cancellation {unknown}
 q - 2 potions of mutation {unknown}
 s - a potion of curing {unknown}
 u - a potion of haste {unknown}
 x - a potion of attraction {unknown}


   Skills:
 + Level 3.5 Fighting
 + Level 6.0 Long Blades
 + Level 0.9 Ranged Weapons
 + Level 2.4 Throwing
 + Level 2.1 Armour
 + Level 4.1 Dodging
 + Level 0.2 Stealth


You had 4 spell levels left.
You didn't know any spells.
Your spell library contained the following spells:

 Spells                   Type           Power      Damage    Failure   Level
 Sandblast                Erth           0%         2d4       50%         1
 Blink                    Tloc           0%         N/A       63%         2
 Passwall                 Tmut/Erth      0%         N/A       63%         2
 Static Discharge         Conj/Air       0%         3-3/arc   63%         2
 Stone Arrow              Conj/Erth      0%         3d7       86%         3
 Dispel Undead            Necr           0%         3d6       99%         4
 Sticky Flame             Conj/Fire      0%         2d3       99%         4
 Manifold Assault         Tloc           0%         N/A       100%        5
 Storm Form               Tmut/Air       0%         N/A       100%        7


Dungeon Overview and Level Annotations

Branches:
Dungeon (3/15)

Altars:
The Shining One

Shops:
D:2 (

Portals:
Abyss: D:3

Annotations:
D:3 1 transporter, rlgrobin's ghost, amateur DsGl


Innate Abilities, Weirdness & Mutations

You have a pair of horns on your head.
You reflexively headbutt those who attack you in melee.


Message History

Partly explored, unvisited transporter.
There is a transporter landing site here.
There is a transporter here.
There is a transporter here.
There is a transporter here.
You enter the transporter and appear at another place.
There are monsters nearby!
Rlgrobin's ghost turns its malevolent gaze towards you.
You hear a shout!
You see here an Inescapable Atlas.
You pick up an Inescapable Atlas and begin reading...
You add the spells Blink, Manifold Assault and Storm Form to your library.
You hit rlgrobin's ghost but do no damage.
Rlgrobin's ghost misses you.
You hit rlgrobin's ghost but do no damage.
Rlgrobin's ghost hits you. The kobold barely misses you.
You hit rlgrobin's ghost but do no damage.
The kobold hits you with a +0 whip of distortion.
Space warps around you. Rlgrobin's ghost misses you.
You hit rlgrobin's ghost.
Rlgrobin's ghost is lightly damaged.
Rlgrobin's ghost barely misses you. You furiously retaliate!
You headbutt rlgrobin's ghost, but do no damage.
The kobold barely misses you.
The ufetubus shouts!
You hit rlgrobin's ghost but do no damage.
You headbutt rlgrobin's ghost, but do no damage.
Rlgrobin's ghost is lightly damaged.
The kobold hits you with a +0 whip of distortion.
Space warps around you. Rlgrobin's ghost hits you!
You hit the kobold. You drain the kobold.
You kill the kobold!
Rlgrobin's ghost hits you!
* * * LOW HITPOINT WARNING * * *
Unknown command.
It was a potion of brilliance.
You feel clever all of a sudden.
The small abomination barely misses you.
Rlgrobin's ghost hits you!
You die...

#..............................
#.....###..........#...........
#..............................
#....>......................###
#..........###..###.........#
#.........##.####$##.###....#
####......#.#.##.∩.###.#....#
#......#©##.x.##....#...##
#.....##.#.@W5.#...##...#
#....##...###......#....#
#....##..##.##..#.##...#####
#.....##.##..#.#.##.....#...
###......###..##.K.#..........
#.........©...# .#.#.....#....
#............## #..###........
#........##### ...#. #........
#.....[.#####..###...##.†...#.


You could see a small abomination, rlgrobin's ghost and an ufetubus.

Vanquished Creatures
  Terence (D:3)
  Natasha (thrice) (D:3)
  A gnoll (D:1)
  6 adders
  6 worms
  3 dart slugs
  An orc (D:3)
  7 endoplasms
  6 goblins
  2 hobgoblins (D:1)
  3 jackals (D:3)
  2 quokkas
  9 ball pythons
  4 bats
  3 frilled lizards
  6 kobolds
  2 rats (D:3)
65 creatures vanquished.

Notes
Turn   | Place    | Note
-------+----------+-------------------------------------------
     0 | D:1      | Eitelfritz the Minotaur Gladiator began the quest for the
                  | Orb.
     0 | D:1      | Reached XP level 1. HP: 18/18 MP: 0/0
   125 | D:1      | Reached XP level 2. HP: 3/25 MP: 1/1
   515 | D:1      | Reached skill level 4 in Long Blades
  1051 | D:1      | Found a faded altar of an unknown god.
  1092 | D:1      | Reached XP level 3. HP: 25/30 MP: 2/2
  1871 | D:2      | Found the +18 Lear's hauberk
  1934 | D:2      | Reached skill level 1 in Armour
  1977 | D:2      | Reached XP level 4. HP: 37/37 MP: 3/3
  2341 | D:2      | Found Micho's Weapon Shoppe.
  2355 | D:2      | Identified the +1 robe "Hivvar" {rCorr}
  2485 | D:3      | Found a one-way gate to the infinite horrors of the Abyss.
  2485 | D:3      | Noticed rlgrobin's ghost (amateur DsGl)
  2507 | D:3      | Noticed Natasha
  2518 | D:3      | Killed Natasha
  2519 | D:3      | Reached skill level 5 in Long Blades
  2519 | D:3      | Found a transporter.
  2633 | D:3      | Noticed Natasha
  2638 | D:3      | Killed Natasha
  2639 | D:3      | Reached XP level 5. HP: 17/45 MP: 4/4
  2693 | D:3      | Noticed Natasha
  2699 | D:3      | Killed Natasha
  3038 | D:3      | Found a transporter.
  3444 | D:3      | Noticed Terence
  3456 | D:3      | Killed Terence
  3457 | D:3      | Reached skill level 6 in Long Blades
  3756 | D:3      | Found a glowing golden altar of the Shining One.
  3963 | D:3      | Slain by rlgrobin's ghost

Illustrated notes

Levels and vault maps discovered:
D:1:      kilobyte_arrival_exit_the_forest, layout_basic,
          shapermc_ecumenical_altar_hornbeckon, dk_noncrumbling_3
D:2:      layout_basic, serial_shops, nicolae_shop_crystal, minmay_guardbox
D:3:      layout_basic, tso_oasis_becter, gammafunk_ghost_abyssal_escape,
          kennysheep_doodads, skrybe_limestone_x, minmay_diced_spiral,
          uniq_natasha, uniq_terence

Skill      XL: |  1  2  3  4  5 |
---------------+----------------+-----
Long Blades    | 4 5 6 |  6.0
Armour         | 1 2 |  2.1
Fighting       | 3 |  3.5
Dodging        | 4 |  4.1
Ranged Weapons | |  0.9
Throwing       | |  2.4
Stealth        | |  0.2

Action                   |  1- 3 |  4- 6 || total
-------------------------+-------+-------++-------
Melee: Long sword        |    77 |    59 ||   136
       Headbutt          |    13 |    15 ||    28
       Falchion          |       |    37 ||    37
 Fire: Sling             |     7 |       ||     7
Throw: Dart              |     2 |     4 ||     6
  Use: Potion            |       |     1 ||     1
Armor: Leather armour    |    14 |    20 ||    34
Dodge: Dodged            |    42 |    55 ||    97
